 Dungeon Crawl Stone Soup version 0.26.0-18-gc5c842f807 (webtiles) character file.

Game seed: 17363208873772443741

1148 zcampers the Chopper (level 8, 0/65 (71) HPs)
             Began as a Minotaur Berserker on Jan 23, 2021.
             Was a Priest of Trog.
             Killed by divine providence
             ... invoked by an orc priest
              (14 damage)
             ... on level 4 of the Dungeon.
             The game lasted 00:03:42 (3046 turns).

zcampers the Chopper (Minotaur Berserker)           Turns: 3046, Time: 00:03:43

HP:   0/65 (71)     AC: 12    Str: 23    XL:     8   Next: 15%
MP:   7/7           EV: 10    Int:  6    God:    Trog [***...]
Gold: 222           SH:  0    Dex:  9    Spells: 7/7 levels left

rFire    + . .     SeeInvis .   a - +1 hand axe
rCold    . . .     Faith    .   (no shield)
rNeg     . . .     Spirit   .   r - +2 chain mail {rF+}
rPois    .         Reflect  .   (helmet restricted)
rElec    .         Harm     .   (no cloak)
rCorr    .         Rampage  .   (no gloves)
Will     .....                  (no boots)
Stlth    ..........             (no amulet)
HPRegen  0.20/turn              (no ring)
MPRegen  0.10/turn              (no ring)

@: berserk cooldown, slowed, drained, very slow
A: retaliatory headbutt, horns 2
a: Renounce Religion, Berserk, Trog's Hand


You were on level 4 of the Dungeon.
You worshipped Trog.
Trog was most pleased with you.
You visited 1 branch of the dungeon, and saw 4 of its levels.

You collected 222 gold pieces.

Inventory:

Hand Weapons
 a - a +1 hand axe (weapon)
Missiles
 n - 4 boomerangs (quivered)
Armour
 r - a +2 chain mail of fire resistance (worn)
Scrolls
 b - 3 scrolls of magic mapping
 e - a scroll of enchant weapon
 f - a scroll of enchant armour {unknown}
 h - a scroll of remove curse
 k - a scroll of identify
 q - 2 scrolls of teleportation
Potions
 c - 2 potions of curing
 d - a potion of haste
 g - a potion of invisibility {unknown}
 l - a potion of attraction


   Skills:
 + Level 6.8 Fighting
 + Level 6.8 Axes
 + Level 6.3 Armour
 + Level 5.6 Dodging


You had 7 spell levels left.
You didn't know any spells.
Your spell library was empty.

Dungeon Overview and Level Annotations

Branches:
Dungeon (4/15)
 Temple: D:4-7

Altars:


Innate Abilities, Weirdness & Mutations

You reflexively headbutt those who attack you in melee.
You have a pair of horns on your head.


Message History

The quokka is almost dead.
The quokka closely misses you.
The orc priest miscasts a cantrip.
The quokka bites you but does no damage.
You closely miss the quokka. Your headbutt misses the quokka.
The quokka is almost dead.
The quokka bites you but does no damage.
The quokka closely misses you.
You hit the quokka but do no damage.
The quokka is almost dead.
The quokka barely misses you.
The quokka bites you but does no damage.
You slash the quokka!
You kill the quokka!
Trog accepts your kill.
Unknown command.
You feel better.
The orc priest calls down the wrath of Beogh upon you.
Beogh smites you!
You die...

.....†....# ..#.......#
###.......# #.)..##.#
#....##.# #########.#
#...# #.#
#...#####.##############
###..........oow@.......
....####.....)#####.###.
....# #.(....# ###.#
#......# #..## #......#
#..# #......# #[.#
#......# ...# #####.##
#### .#


You could see 2 orc priests and a dart slug.

Vanquished Creatures
  Pikel (D:4)
  Sigmund (D:2)
  Edmund (D:4)
  Duvessa (D:4)
  2 lemures (D:4)
  Dowan (D:4)
  A howler monkey (D:4)
  Jessica (D:2)
  2 worker ants (D:4)
  3 adders
  An ooze (D:2)
  A worm (D:2)
  6 dart slugs
  4 leopard geckos
  12 orcs
  3 bats (D:2)
  4 giant cockroaches
  A goblin (D:2)
  7 hobgoblins
  14 jackals
  7 kobolds
  A quokka (D:4)
  A ball python skeleton (D:4)
  3 frilled lizards
  A leopard gecko skeleton (D:4)
  6 rats
86 creatures vanquished.

Notes
Turn   | Place    | Note
-------+----------+-------------------------------------------
     0 | D:1      | zcampers the Minotaur Berserker began the quest for the
                  | Orb.
     0 | D:1      | Reached XP level 1. HP: 19/19 MP: 0/0
   209 | D:1      | Reached XP level 2. HP: 27/27 MP: 1/1
   557 | D:1      | Reached XP level 3. HP: 33/33 MP: 2/2
   588 | D:1      | Reached ** piety under Trog
   935 | D:2      | Found a faded altar of an unknown god.
  1199 | D:2      | Reached XP level 4. HP: 22/40 MP: 3/3
  1600 | D:2      | Noticed Jessica
  1616 | D:2      | Killed Jessica
  1800 | D:2      | Noticed Sigmund
  1824 | D:2      | Killed Sigmund
  1825 | D:2      | Reached skill level 5 in Fighting
  1825 | D:2      | Reached skill level 5 in Axes
  1825 | D:2      | Reached XP level 5. HP: 4/48 MP: 4/4
  1825 | D:2      | Reached XP level 6. HP: 5/56 MP: 5/5
  2846 | D:4      | Noticed Pikel
  2868 | D:4      | Killed Pikel
  2869 | D:4      | Reached skill level 5 in Armour
  2869 | D:4      | Reached skill level 5 in Dodging
  2869 | D:4      | Reached XP level 7. HP: 63/63 MP: 6/6
  2993 | D:4      | Noticed Dowan
  2995 | D:4      | Noticed Duvessa
  2996 | D:4      | Noticed Edmund
  3010 | D:4      | Killed Dowan
  3010 | D:4      | Reached *** piety under Trog
  3021 | D:4      | Killed Duvessa
  3024 | D:4      | Reached XP level 8. HP: 61/71 MP: 7/7
  3038 | D:4      | Killed Edmund
  3046 | D:4      | Killed from afar by an orc priest

Illustrated notes

Levels and vault maps discovered:
D:1:      eino_arrival_druids_welcome, layout_basic, minmay_domino_2
D:2:      layout_rooms, chequers_ecumenical_altar_simple, grunt_ministairs_9,
          uniq_sigmund, uniq_jessica
D:3:      layout_basic, st_stairs_8, kennysheep_generic_room_5
D:4:      layout_basic, minmay_temple_entry_crystal_x, serial_shops, shop,
          bh_walls_and_bars, uniq_duvessa, uniq_edmund, uniq_pikel

Skill      XL: |  1  2  3  4  5  6  7 |
---------------+----------------------+-----
Fighting       | 4 5 6 |  6.8
Axes           | 4 5 6 |  6.8
Armour         | 3 4 5 6 |  6.3
Dodging        | 3 5 |  5.6

Action                   |  1- 3 |  4- 6 |  7- 9 || total
-------------------------+-------+-------+-------++-------
Melee: Hand axe          |    98 |    95 |    42 ||   235
       Headbutt          |    13 |    19 |     7 ||    39
Throw: Boomerang         |       |    16 |       ||    16
Invok: Berserk           |       |     2 |     1 ||     3
       Trog's Hand       |       |     1 |     2 ||     3
  Use: Scroll            |       |     8 |       ||     8
       Potion            |       |     6 |     1 ||     7
Armor: Animal skin       |     3 |       |       ||     3
       Plate armour      |    85 |    27 |       ||   112
       Chain mail        |       |    34 |    46 ||    80
Dodge: Dodged            |    60 |    41 |    23 ||   124
